 Dungeon Crawl Stone Soup version 0.27.1-4-g1640c2035a (webtiles) character file.

Game seed: 6122179859445966048

177 ABBCCCDDDD the Chopper (level 5, 0/47 HPs)
             Began as a Hill Orc Delver on Nov 2, 2021.
             Slain by an adder (4 damage)
             ... in a sewer.
             The game lasted 00:02:11 (1805 turns).

ABBCCCDDDD the Chopper (Hill Orc Delver)            Turns: 1805, Time: 00:02:12

Health: 0/47       AC:  3    Str: 16    XL:     5   Next: 57%
Magic:  5/5        EV: 11    Int: 10    God:
Gold:   10         SH:  0    Dex: 12    Spells: 4/4 levels left

rFire    . . .     SeeInvis .   a - +0 hand axe
rCold    . . .     Faith    .   (no shield)
rNeg     . . .     Spirit   .   b - +0 leather armour
rPois    .         Reflect  .   (no helmet)
rElec    .         Harm     .   (no cloak)
rCorr    .         Rampage  .   (no gloves)
Will     .....                  (no boots)
Stlth    ++........             (no amulet)
HPRegen  0.15/turn              (no ring)
MPRegen  0.09/turn              (no ring)

@: mighty, lethally poisoned (0 -> -13)
A: no striking features
a: no special abilities


You were in a sewer.
You visited 1 branch of the dungeon, and saw 2 of its levels.
You also visited: Sewer.

You collected 10 gold pieces.

Inventory:

Hand Weapons
 a - a +0 hand axe (weapon)
Armour
 b - a +0 leather armour (worn)
Wands
 g - a wand of digging (3)
Scrolls
 c - 2 scrolls of fog
 d - 2 scrolls of magic mapping
 f - 2 scrolls of blinking {unknown}
 h - a scroll of identify {unknown}
 i - a scroll of amnesia {unknown}
Potions
 j - a potion of cancellation
 k - a potion of haste


   Skills:
 + Level 4.8 Fighting
 * Level 5.5 Axes
 + Level 2.5 Armour
 - Level 1.5 Dodging
 - Level 4.1 Stealth


You had 4 spell levels left.
You didn't know any spells.
Your spell library was empty.

Dungeon Overview and Level Annotations

Branches:
Dungeon (5/15)              Sewer (1/1)
 Temple: D:4-7

Altars:

Annotations:
D:4 Blork the orc


Message History

You hit the adder. You barely miss the adder.
You feel very sick. The adder closely misses you. The bullfrog hits you.
The adder bites you. The adder bites you but does no damage.
You are too injured to fight recklessly!
You are too injured to fight recklessly!
It was a potion of cancellation.
You feel magically purged.
You feel very sick. The bullfrog hits you. The adder barely misses you.
The adder bites you but does no damage.
A ball python comes into view.
The adder closely misses you. The bullfrog misses you.
The adder bites you but does no damage. The adder completely misses you.
It was a potion of might.
You feel very mighty all of a sudden.
You feel sick.
The adder hisses angrily.
The bullfrog gives a loud, deep croak!
The adder bites you.
* * * LOW HITPOINT WARNING * * *
You are lethally poisoned!
The adder poisons you! The bullfrog closely misses you. The adder misses you.
The adder bites you.
* * * LOW HITPOINT WARNING * * *
You are more poisoned.
The adder poisons you!
As you read the scroll of fear, it crumbles to dust.
You assume a fearsome visage.
The adder resists with some effort.
The adder looks frightened!
The bullfrog looks frightened!
The ball python looks frightened!
The ball python hisses angrily.
The adder resists with some effort.
The ball python looks frightened!
The bullfrog looks frightened!
The adder looks frightened!
* * * LOW HITPOINT WARNING * * *
You feel very sick. The adder closely misses you. The adder barely misses you.
You barely miss the adder. You hit the adder.
* * * LOW HITPOINT WARNING * * *
You feel very sick. The adder misses you. The adder bites you.
You die...

#..'....# #..#....#
####...##
##################....#
.#≈≈F≈≈≈≈≈≈≈≈≈≈≈≈#.....#
F≈≈≈≈≈≈≈≈S≈≈≈≈≈≈≈≈....##
.≈#≈≈≈≈≈≈≈≈≈≈≈≈≈≈≈....#
.≈≈≈≈≈≈≈≈≈≈≈≈≈≈≈≈≈....#
.SS≈≈≈≈≈S@≈≈≈≈≈≈≈≈...##
S#≈≈≈S≈≈≈S≈≈≈≈≈≈≈..###
###################


You could see a bullfrog (fleeing), 4 adders and a ball python.

Levels and vault maps discovered:
D:4:      kennysheep_six_static_rooms, layout_basic, gup_sewer_entry_glass,
          minivault_24, uniq_eustachio, uniq_blork_the_orc,
          uniq_crazy_yiuf_cottage
D:5:      layout_loops_cross, grunt_temple_overflow_open, tso_metal_star,
          minmay_temple_entry_arrows, dk_rats_in_the_wall
Sewer:    sewer_minmay_w

Notes
Turn   | Place    | Note
-------+----------+-------------------------------------------
     0 | D:5      | ABBCCCDDDD the Hill Orc Delver began the quest for the Orb.
     0 | D:5      | Reached XP level 1. HP: 19/19 MP: 1/1
    20 | D:4      | Noticed Blork the orc
   236 | D:4      | Reached skill level 3 in Axes
   236 | D:4      | Reached skill level 1 in Armour
   236 | D:4      | Reached XP level 2. HP: 24/27 MP: 2/2
   236 | D:4      | Reached XP level 3. HP: 30/33 MP: 3/3
   242 | D:4      | Reached skill level 4 in Axes
   297 | D:4      | Found a glowing drain.
   330 | D:4      | Reached XP level 4. HP: 18/40 MP: 4/4
   502 | Sewer    | Entered a sewer
   905 | Sewer    | Reached skill level 5 in Axes
   905 | Sewer    | Reached XP level 5. HP: 45/47 MP: 5/5
  1805 | Sewer    | Slain by an adder

Table legend: (Time is in decaauts)
 A = Elapsed time spent in this place.
 B = Non-inter-level travel time spent in this place.
 C = Inter-level travel time spent in this place.
 D = Time resting spent in this place.
 E = Time spent auto-exploring this place.
 F = Levels seen in this place.
 G = Mean time per level.
                   A        B        C        D        E       F      G
               +--------+--------+--------+--------+--------+-----+--------+
         Total |   1863 |   1863 |      0 |   1226 |    254 |   3 |  621.0 |
       Dungeon |    489 |    489 |      0 |    384 |     10 |   2 |  244.5 |
         Sewer |   1374 |   1374 |      0 |    842 |    244 |   1 | 1374.0 |
               +--------+--------+--------+--------+--------+-----+--------+

Top non-repeatable levels by time:
   Sewer: 1374 daAuts
     D:4: 269 daAuts
     D:5: 219 daAuts

Table legend:
 A = Kills in this place as a percentage of kills in entire the game.
 B = Kills by you in this place as a percentage of kills by you in the entire game.
 C = Kills by friends in this place as a percentage of kills by friends in the entire game.
 D = Other kills in this place as a percentage of other kills in the entire game.
 E = Experience gained in this place as a percentage of experience gained in the entire game.
 F = Experience gained in this place divided by the number of levels of this place that you have seen.
                   A       B       C       D       E      F
               +-------+-------+-------+-------+-------+----------------------
         Total | 100.0 | 100.0 |   N/A |   N/A | 100.0 |  84.3
       Dungeon |  13.3 |  13.3 |   N/A |   N/A |  45.8 |  58.0
         Sewer |  86.7 |  86.7 |   N/A |   N/A |  54.2 | 137.0
               +-------+-------+-------+-------+-------+----------------------

Action                   |  1- 3 |  4- 6 || total
-------------------------+-------+-------++-------
Melee: Hand axe          |    33 |   110 ||   143
  Use: Potion            |     1 |     2 ||     3
       Scroll            |       |     1 ||     1
Armor: Leather armour    |    14 |    21 ||    35
Dodge: Dodged            |    26 |    79 ||   105

Vanquished Creatures
  A centaur zombie (D:4)
  A hound skeleton (D:4)
  7 adders
  5 river rats (Sewer)
  6 ball pythons (Sewer)
  3 frilled lizards (Sewer)
  22 rats (Sewer)
45 creatures vanquished.
